AoeStats
← Tigry

African Clearing

505512331Analyzed
4v4 RM · 23d ago on Sep 9, 2026· 63m 22s· 8 players
Game mode
Random Map
Map size
Large (8 player)
Population
200
Speed
Normal
Resources
Standard
Victory
Conquest
Starting age
Dark Age
Ending age
Imperial Age
RankedLock teamsTeams togetherTeam positionsShared explorationLock speedFull tech treeHidden civsTurbo modeCheats
Victory
Defeat
🇩🇪 Huns · Germany
1798
+13
🇬🇧 Koreans · United Kingdom
1723
+16
🇨🇳 Celts · China
1722
+16
🇲🇽 Mongols · Mexico
1644
+18
🇩🇪 Mapuche · Germany
1807
-19
🇩🇪 Huns · Germany
1763
-18
🇩🇪 Chinese · Germany
1749
-17
🇩🇪 Magyars · Germany
1548
-9
DZT_白霜魔头
11:33 Feudal Age
11:41 Man-at-Arms
13:02 Loom
13:13 Arson
14:24 Town Watch
16:29 Loom
19:34 Wheelbarrow
19:44 Double-Bit Axe
22:24 Fletching
24:35 Castle Age
24:13 Horse Collar
26:05 Bow Saw
31:32 Hand Cart
32:20 Gold Mining
42:27 Heavy Plow
44:01 Gold Shaft Mining
43:17 Stone Mining
43:34 Scale Mail Armor
43:44 Forging
46:34 Imperial Age
45:23 Chain Mail Armor
45:43 Iron Casting
46:34 Stone Shaft Mining
47:11 Elite Woad Raider
49:36 Blast Furnace
49:07 Plate Mail Armor
49:41 Blast Furnace
49:13 Plate Mail Armor
49:45 Blast Furnace
49:07 Conscription
49:07 Conscription
48:34 Capped Ram
51:11 Coinage
51:21 Bodkin Arrow
51:41 Guilds
51:48 Guilds
53:19 Banking
54:20 Siege Ram
54:20 Siege Ram
56:12 Caravan
61:24 Siege Engineers
61:29 Masonry
61:41 Ballistics
Hansdampf
11:03 Loom
12:50 Feudal Age
17:27 Castle Age
15:44 Double-Bit Axe
18:27 Bow Saw
20:16 Fletching
21:07 Wheelbarrow
34:49 Town Watch
42:25 Horse Collar
45:52 Heavy Plow
49:45 Hand Cart
51:16 Caravan
50:56 Light Cavalry
51:47 Bloodlines
51:55 Scale Mail Armor
52:45 Forging
52:26 Pikeman
53:06 Squires
53:36 Bodkin Arrow
55:20 Chain Mail Armor
60:18 Imperial Age
58:04 Gold Mining
59:02 Husbandry
59:09 Scale Barding Armor
60:23 Coinage
60:34 Chain Barding Armor
60:59 Iron Casting
60:25 Cavalier
62:13 Plate Barding Armor
62:34 Paladin
62:51 Halberdier
64:32 Blast Furnace
Torpedo
14:27 Feudal Age
14:35 Loom
16:22 Double-Bit Axe
18:38 Castle Age
17:24 Fletching
19:51 Bow Saw
21:44 Ballistics
22:14 Town Watch
24:04 Bodkin Arrow
25:52 Wheelbarrow
27:06 Fishing Lines
34:36 Imperial Age
33:06 Hand Cart
33:27 Gold Mining
33:27 Stone Mining
33:30 Gold Mining
33:21 Horse Collar
36:04 Conscription
35:46 Bracer
36:47 Chemistry
36:50 Masonry
37:24 Heavy Plow
38:18 Husbandry
39:09 Thumb Ring
40:00 Murder Holes
40:12 Siege Engineers
41:01 Architecture
40:07 Elite War Wagon
42:05 Stone Shaft Mining
42:05 Gold Shaft Mining
42:37 Two-Man Saw
43:00 Coinage
45:56 Banking
45:36 Guilds
45:46 Treadmill Crane
45:54 Arrowslits
50:13 Gillnets
54:33 Eupseong
59:06 Squires
58:26 Pikeman
59:07 Scale Mail Armor
59:17 Forging
59:13 Caravan
60:09 Chain Mail Armor
59:59 Halberdier
61:16 Iron Casting
62:11 Plate Mail Armor
MZTK | V
5:56 Loom
13:54 Feudal Age
18:23 Castle Age
16:59 Fletching
18:07 Horse Collar
20:04 Bodkin Arrow
20:44 Husbandry
28:47 Double-Bit Axe
34:30 Wheelbarrow
36:21 Padded Archer Armor
39:35 Ballistics
40:46 Bow Saw
40:27 Gold Mining
40:59 Leather Archer Armor
44:06 Imperial Age
41:33 Stone Mining
41:44 Heavy Plow
42:05 Thumb Ring
43:02 Masonry
43:34 Bloodlines
44:10 Onager
46:01 Drill
46:19 Parthian Tactics
45:55 Bracer
46:40 Siege Engineers
47:36 Chemistry
48:19 Conscription
48:33 Hand Cart
48:25 Capped Ram
49:42 Elite Mangudai
50:33 Light Cavalry
53:17 Siege Onager
53:18 Siege Ram
54:52 Fortified Wall
54:50 Nomads
57:45 Forging
57:41 Scale Barding Armor
57:57 Fortified Wall
60:59 Iron Casting
60:45 Chain Barding Armor
59:49 Hussar
Lukas_AoE
6:59 Loom
13:07 Feudal Age
14:26 Town Watch
17:34 Castle Age
15:51 Double-Bit Axe
16:23 Fletching
18:13 Bodkin Arrow
20:26 Ballistics
26:26 Padded Archer Armor
29:16 Leather Archer Armor
38:31 Imperial Age
37:14 Wheelbarrow
36:58 Bow Saw
36:30 Horse Collar
40:36 Chemistry
38:58 Elite Bolas Rider
40:59 Ring Archer Armor
40:41 Heavy Plow
40:38 Gold Mining
40:39 Stone Mining
42:09 Gold Shaft Mining
42:10 Stone Shaft Mining
42:40 Malon
43:42 Butalmapu
46:01 Conscription
46:43 Siege Engineers
46:49 Masonry
48:10 Heavy Plow
48:26 Forging
49:45 Iron Casting
52:19 Blast Furnace
51:28 Capped Ram
62:54 Caravan
62:55 Elite Skirmisher
WARChris
3:00 Loom
12:48 Feudal Age
16:46 Castle Age
20:27 Fletching
22:16 Bodkin Arrow
23:09 Padded Archer Armor
25:21 Gold Mining
30:13 Ballistics
35:06 Leather Archer Armor
43:10 Wheelbarrow
47:56 Town Watch
51:19 Double-Bit Axe
54:56 Bow Saw
55:19 Horse Collar
56:12 Caravan
56:35 Hand Cart
59:25 Imperial Age
56:24 Light Cavalry
57:15 Bloodlines
57:06 Husbandry
58:40 Scale Barding Armor
59:11 Heavy Plow
59:57 Chain Barding Armor
59:47 Forging
61:55 Plate Barding Armor
63:16 Iron Casting
62:18 Cavalier
Tigry
12:31 Feudal Age
16:45 Castle Age
14:51 Double-Bit Axe
15:55 Scale Barding Armor
18:02 Forging
19:25 Loom
25:52 Town Watch
28:44 Wheelbarrow
29:55 Horse Collar
32:20 Chain Barding Armor
32:47 Bloodlines
33:02 Husbandry
34:18 Wheelbarrow
36:20 Gold Mining
36:22 Stone Mining
36:34 Heavy Plow
40:13 Imperial Age
39:04 Iron Casting
38:56 Bow Saw
40:21 Cavalier
41:37 Plate Barding Armor
42:59 Blast Furnace
43:09 Gold Shaft Mining
43:04 Conscription
42:46 Light Cavalry
44:19 Hussar
51:35 Paladin
57:18 Hand Cart
58:52 Coinage
Jonas
8:58 Loom
14:43 Feudal Age
15:37 Double-Bit Axe
18:27 Castle Age
20:34 Wheelbarrow
21:20 Bow Saw
24:35 Hand Cart
26:23 Scale Barding Armor
27:57 Corvinian Army
27:54 Town Watch
29:29 Husbandry
30:11 Bloodlines
30:16 Horse Collar
33:20 Chain Barding Armor
40:43 Imperial Age
42:07 Plate Barding Armor
41:07 Elite Magyar Huszar
48:24 Hoardings
48:14 Conscription
49:29 Hoardings
50:16 Chemistry
48:39 Capped Ram
50:28 Heavy Plow
50:41 Town Patrol
51:56 Fletching
52:19 Masonry
58:19 Gold Mining
58:19 Stone Mining
62:30 Bodkin Arrow
62:45 Siege Engineers
Connection lost

Rejoining the realm…

Still unreachable

The connection could not be restored.

Session expired

The server has moved on; the page needs a fresh start.